Map: Persephone LE

Players

Moja

  • Race: Terran Terran
  • League: Grandmaster
  • Spawn Location: 11:00

Highdra - Winner!

  • Race: Protoss Protoss
  • League: Master
  • Spawn Location: 7:00

Event: HomeStory Cup XXVII

VOD

Have the link to the VOD?

Description

Time

  • Played on: June 28, 2025, 9:23 a.m.
  • Length: 7:42

All games in this series

Show
View Real Time Build Order
Export as new Build Order

Moja Terran 

Build Orders: 1/1/1, Liberator Opening 

Get SALT Encoding   

  12  0:00  SCV  
  13  0:12  SCV  
  14  0:17  Supply Depot  
  14  0:24  SCV  
  15  0:38  SCV  
  15  0:39  Barracks  
  15  0:42  Refinery  
  16  0:50  SCV  
  16  0:52  Refinery  
  17  1:02  SCV  
  18  1:15  SCV  
  19  1:26  Reaper  
  19  1:27  Orbital Command  
  19  1:31  Supply Depot  
  20  1:41  Factory  
  20  1:52  SCV  
  21  1:59  Barracks Reactor  
  21  2:04  SCV  
  21  2:05  Barracks  
  22  2:17  SCV  
  23  2:25  Starport, Factory Tech Lab  
  23  2:29  SCV  
  24  2:32  Supply Depot  
  24  2:36  Marine  
  24  2:37  Marine  
  25  2:41  SCV  
  27  2:49  Siege Tank  
  30  2:56  Marine  
  30  2:57  Marine  
  33  3:04  Medivac  
  35  3:06  Marine  
  35  3:11  Supply Depot  
  35  3:14  Marine  
  35  3:15  Marine  
  37  3:31  Supply Depot  
  37  3:32  Siege Tank  
  40  3:38  Marine x3  
  43  3:42  Liberator  
  43  3:48  Supply Depot  
  46  4:09  Marine x2, Siege Tank  
  51  4:22  Marine  
  53  4:27  Supply Depot  
  53  4:28  Viking  
  53  4:29  Marine x2  
  56  4:41  Siege Tank  
  57  4:52  SCV  
  58  5:01  Marine x2  
  58  5:02  Viking  
  58  5:04  SCV  
  60  5:17  Marine  
  56  5:24  Marine x2  
  56  5:25  Siege Tank  
  56  5:26  SCV  
  58  5:36  Marine  
  58  5:37  Viking  
  58  5:42  Marine x2  
  58  5:54  Marine  
  54  6:00  Marine  
  51  6:09  Marine  
  51  6:10  Viking, Siege Tank  
  57  6:14  Marine  
  57  6:18  Marine  
  53  6:27  Marine  
  53  6:32  Marine  
  53  6:45  SCV  
  57  6:47  Siege Tank  
  55  6:56  Marine x2  
  55  6:57  SCV  
  53  7:06  Marine  
  53  7:09  SCV  
  53  7:14  Marine  
  54  7:21  Marine  
  52  7:24  Marine  
Show
View Real Time Build Order
Export as new Build Order

Highdra Protoss - Winner!

Build Orders: 1 Gate Expand, Blink Stalkers 

Get SALT Encoding   

  12  0:00  Probe  
  13  0:12  Probe  
  14  0:17  Pylon  
  14  0:23  Probe  
  15  0:31  Probe  
  15  0:37  Gateway  
  15  0:40  Probe  
  16  0:45  Assimilator  
  17  0:51  Probe  
  18  1:03  Probe  
  19  1:15  Probe  
  20  1:25  Cybernetics Core  
  22  1:38  Nexus  
  22  1:44  Pylon  
  22  1:49  Probe  
  22  1:50  Assimilator  
  22  1:52  Adept  
  21  2:01  Probe  
  22  2:02  Warp Gate  
  24  2:12  Stalker  
  24  2:13  Probe  
  25  2:20  Shield Battery  
  25  2:27  Probe  
  28  2:39  Probe  
  28  2:40  Twilight Council  
  28  2:42  Stalker  
  29  2:50  Probe  
  31  2:51  Probe  
  33  2:58  Probe  
  33  3:03  Probe  
  33  3:05  Blink  
  35  3:06  Probe  
  35  3:09  Gateway  
  36  3:15  Probe  
  36  3:18  Probe  
  38  3:30  Probe  
  38  3:33  Shield Battery  
  39  3:37  Probe  
  39  3:39  Gateway  
  39  3:40  Pylon  
  40  3:53  Robotics Facility, Stalker  
  42  3:57  Pylon  
  42  4:09  Stalker  
  44  4:13  Probe  
  39  4:22  Pylon  
  39  4:26  Probe  
  39  4:30  Stalker  
  42  4:32  Stalker  
  42  4:35  Pylon  
  44  4:40  Pylon  
  44  4:51  Stalker  
  44  4:54  Stalker  
  44  4:56  Pylon  
  44  4:58  Stalker  
  49  5:00  Probe x2  
  46  5:25  Stalker x2  
  46  5:26  Probe x2  
  52  5:28  Assimilator  
  52  5:29  Pylon  
  52  5:30  Gateway  
  52  5:32  Immortal  
  52  5:34  Shield Battery  
  52  5:43  Gateway  
  52  5:49  Stalker  
  54  5:55  Stalker  
  52  6:14  Gateway  
  52  6:15  Gateway  
  52  6:17  Gateway, Pylon  
  52  6:20  Immortal  
  46  6:26  Stalker  
  46  6:27  Probe x2  
  52  6:38  Stalker  
  51  6:54  Probe  
  51  7:01  Immortal  
  55  7:03  Zealot  
  55  7:04  Zealot  
  59  7:09  Zealot x2  
  59  7:14  Stalker  
  58  7:24  Stalker  
  58  7:25  Stalker  
Tags
 
Add a new tag
Caveats
  • Supply blocks, unpowered buildings, or Contaminate may cause inaccurate times.
  • Supply counts are checked every 10 seconds.